 Dungeon Crawl Stone Soup version 0.28-a0-1292-gb4563b27b3 (webtiles) character file.

Game seed: 3009115023591149692

65 DoubleLucky the Skirmisher (level 3, -2/36 HPs)
             Began as a Troll Fighter on Dec 27, 2021.
             Killed by divine providence
             ... invoked by an orc priest
              (11 damage)
             ... on level 3 of the Dungeon.
             The game lasted 00:03:07 (1854 turns).

DoubleLucky the Skirmisher (Troll Fighter)          Turns: 1854, Time: 00:03:08

Health: -2/36      AC:  4    Str: 24    XL:     3   Next: 92%
Magic:  2/2        EV:  8    Int:  6    God:
Gold:   95         SH:  7    Dex:  9    Spells: 2/2 levels left

rFire   . . .      SeeInvis .     - Unarmed
rCold   . . .      Faith    .   b - +0 kite shield
rNeg    . . .      Spirit   .   a - +0 robe
rPois   .          Reflect  .   (helmet restricted)
rElec   .          Harm     .   (no cloak)
rCorr   .          Rampage  .   (gloves unavailable)
Will    .....                   (boots unavailable)
Stlth   +.........              (no amulet)
HPRegen 0.92/turn               (no ring)
MPRegen 0.08/turn               (no ring)

@: no status effects
A: large, unfitting armour, claws 3, regeneration 1, shaggy fur 1, tough skin 1
a: no special abilities


You were on level 3 of the Dungeon.
You visited 1 branch of the dungeon, and saw 3 of its levels.

You collected 95 gold pieces.

Inventory:

Missiles
 e - 37 stones (quivered)
Armour
 a - a +0 robe (worn)
 b - a +0 kite shield (worn)
Scrolls
 d - a scroll of summoning {unknown}
 f - 3 scrolls of identify {unknown}
 g - a scroll of brand weapon {unknown}
 i - a scroll of noise {unknown}
Potions
 c - a potion of might
 h - a potion of heal wounds {unknown}
 j - a potion of magic {unknown}
 k - a potion of curing {unknown}


   Skills:
 + Level 2.7 Fighting
 + Level 1.1 Throwing
 - Level 2.4 Dodging
 + Level 2.7 Shields
 + Level 2.3 Unarmed Combat
 + Level 1.1 Invocations
 + Level 0.9 Evocations


You had 2 spell levels left.
You didn't know any spells.
Your spell library contained the following spells:

 Spells                   Type           Power      Damage    Failure   Level
 Leda's Liquefaction      Hex/Erth       0%         N/A       100%        4
 Lee's Rapid Deconstruct  Erth           0%         3d5*      100%        5
 Statue Form              Tmut/Erth      0%         N/A       100%        6


Dungeon Overview and Level Annotations

Branches:
Dungeon (3/15)

Altars:
Trog

Shops:
D:1 !


Innate Abilities, Weirdness & Mutations

You are too large for most types of armour.
You have claws for hands.
Your natural rate of healing is unusually fast.
You are covered in fur. (AC +1)
You have tough skin. (AC +1)


Message History

Beogh smites you!
You hear an angry hiss.
Things that are here:
a +0 flail; an orc corpse You closely miss the orc.
You block the orc's attack.
You scratch the orc.
The orc is heavily wounded.
The orc hits you but does no damage.
The orc priest invokes the aid of Beogh against you.
Beogh smites you!
You are too injured to fight recklessly!
You are too injured to fight recklessly!
You are too injured to fight recklessly!
You closely miss the orc.
The orc is heavily wounded.
The orc priest mumbles some strange prayers to Beogh against you.
Pain shoots through your body!
* * * LOW HITPOINT WARNING * * *
An adder comes into view.
The orc barely misses you.
Things that are here:
a +0 hand axe; a +0 leather armour You see here a +0 falchion.
You closely miss the orc.
The orc is heavily wounded.
The orc hits you but does no damage. You block the orc's attack.
You closely miss the orc.
The orc is heavily wounded.
You block the orc's attack.
You completely miss the orc.
The orc is heavily wounded.
The orc hits you with a +0 mace. The orc priest barely misses you.
You closely miss the orc.
The orc is heavily wounded.
The orc hits you with a +0 mace.
* * * LOW HITPOINT WARNING * * *
The orc priest barely misses you.
The orc priest mumbles some strange prayers to Beogh against you.
Beogh smites you!
You die...

#. #. .. #. #. #. #.# # #
##.#####.####.##.#
........@...>....
##.......#o##....#
(..#..#.#So....#
####....#.#..#...#
.......o.........# #
###.#...#.)#..#...##.#
.......))............#
................#.##########
...........#####..#...†.....


You could see an orc priest, an adder and an orc.

Vanquished Creatures
  Jessica (D:2)
  A worm (D:2)
  A dart slug (D:3)
  3 orcs (D:3)
  An endoplasm (D:2)
  2 giant cockroaches (D:2)
  A hobgoblin (D:1)
  6 jackals
  4 kobolds
  A quokka (D:1)
  3 ball pythons
  A bat (D:2)
  A frilled lizard (D:2)
  A goblin (D:2)
  3 rats
30 creatures vanquished.

Notes
Turn   | Place    | Note
-------+----------+-------------------------------------------
     0 | D:1      | DoubleLucky the Troll Fighter began the quest for the Orb.
     0 | D:1      | Reached XP level 1. HP: 22/22 MP: 0/0
    84 | D:1      | Found a faded altar of an unknown god.
   363 | D:1      | Found Cealyrev's Distillery.
   752 | D:2      | Reached XP level 2. HP: 22/29 MP: 1/1
  1275 | D:2      | Noticed Jessica
  1279 | D:2      | Killed Jessica
  1280 | D:2      | Reached skill level 1 in Throwing
  1280 | D:2      | Reached XP level 3. HP: 36/36 MP: 2/2
  1666 | D:2      | Reached skill level 1 in Invocations
  1760 | D:3      | Found a bloodstained altar of Trog.
  1854 | D:3      | Killed from afar by an orc priest

Illustrated notes

Levels and vault maps discovered:
D:1:      lightli_arrival_noodles, layout_basic, serial_shops,
          nicolae_square_shop, ebering_ecumenical_altar_petrified
D:2:      layout_basic, uniq_jessica
D:3:      layout_basic, mainiacjoe_overflow_tiny_flanked,
          worldfamousw_hep_ancestral_shrine

Skill      XL: |  1  2  3 |
---------------+----------+-----
Throwing       | 1 |  1.1
Invocations    | 1 |  1.1
Fighting       | |  2.7
Dodging        | |  2.4
Shields        | |  2.7
Unarmed Combat | |  2.3
Evocations     | |  0.9

Action                   || total
-------------------------++-------
Melee: Unarmed           ||    95
Throw: Stone             ||     2
Armor: Robe              ||    25
Dodge: Dodged            ||    34
Block: Kite shield       ||    40

Table legend: (Time is in decaauts)
 A = Elapsed time spent in this place.
 B = Non-inter-level travel time spent in this place.
 C = Inter-level travel time spent in this place.
 D = Time resting spent in this place.
 E = Time spent auto-exploring this place.
 F = Levels seen in this place.
 G = Mean time per level.
                   A        B        C        D        E       F      G
               +--------+--------+--------+--------+--------+-----+--------+
         Total |   1870 |   1813 |     57 |      0 |   1541 |   3 |  623.3 |
       Dungeon |   1870 |   1813 |     57 |      0 |   1541 |   3 |  623.3 |
               +--------+--------+--------+--------+--------+-----+--------+

Top non-repeatable levels by time:
     D:2: 1075 daAuts
     D:1: 695 daAuts
     D:3: 99 daAuts
